 Dungeon Crawl Stone Soup version 0.22-a0-389-g8519d86 (webtiles) character file.

105 Mgcat the Ruffian (level 4, -4/25 HPs)
             Began as a Gargoyle Transmuter on Apr 30, 2018.
             Slain by an iguana (9 damage)
             ... on level 3 of the Dungeon.
             The game lasted 00:05:17 (1930 turns).

Mgcat the Ruffian (Gargoyle Transmuter)             Turns: 1930, Time: 00:05:17

Health: -4/25      AC:  5    Str: 13    XL:     4   Next: 83%
Magic:  1/7        EV: 12    Int: 15    God:
Gold:   100        SH:  0    Dex: 10    Spells: 1/7 levels left

rFire    . . .     SeeInvis .   g - -1 dagger (curse)
rCold    . . .     Gourm    .   (no shield)
rNeg     + . .     Faith    .   b - +0 robe
rPois    ∞         Spirit   .   (no helmet)
rElec    +         Reflect  .   (no cloak)
rCorr    .         Harm     .   (no gloves)
MR       .....                  (boots currently unavailable)
Stlth    +.........             (no amulet)
HPRegen  0.08/turn              (no ring)
MPRegen  0.10/turn              (no ring)

@: appendage (expiring), very slightly contaminated
A: talons 3, negative energy resistance 1, electricity resistance, unbreathing,
petrification resistance, rot immunity, AC +3
a: End Transformation


You were on level 3 of the Dungeon.
You were not hungry.
You had grown temporary talons.
You visited 1 branch of the dungeon, and saw 3 of its levels.

You collected 100 gold pieces.

Inventory:

Hand Weapons
 g - a cursed -1 dagger (weapon)
   (You took it off a goblin on level 2 of the Dungeon)
Missiles
 a - 21 arrows
Armour
 b - a +0 robe (worn)
 f - a +0 buckler
   (You found it on level 2 of the Dungeon)
Scrolls
 h - 2 scrolls of blinking {!r}
Potions
 c - a potion of invisibility {unknown}
 e - 2 potions of heal wounds
Comestibles
 d - 4 rations


   Skills:
 - Level 1.1 Fighting
 - Level 1.5 Dodging
 + Level 0.6 Shields
 + Level 4.0 Unarmed Combat
 - Level 2.0 Spellcasting
 + Level 2.7 Transmutations
 + Level 1.5 Poison Magic


You had one spell level left.
You knew the following spells:

 Your Spells              Type           Power        Failure   Level  Hunger
a - Beastly Appendage     Tmut           #.....       7%          1    #......
b - Sticks to Snakes      Tmut           #.......     11%         2    ###....
c - Spider Form           Tmut/Pois      #.........   28%         3    ###....


Dungeon Overview and Level Annotations

Branches:
Dungeon (3/15)

Altars:


Innate Abilities, Weirdness & Mutations

You are resistant to torment.
Your stone body is resilient. (AC +3)
You are immune to poison.
You resist negative energy. (rN+)
You are resistant to electric shocks. (rElec)
You can survive without breathing.
You are immune to petrification.
You are immune to rotting.
You have claws for feet.


Message History

Unknown command.
(D) Dungeon
Where to? (Enter - D:2, ? - help)
What level of the Dungeon? (default 1, ? - help)
There is an open door here.
You see here a club.
Things that are here:
an adder skeleton; a jackal skeleton
There is an open door here.
Some of the chunks of flesh in your inventory have rotted away.
There is a stone staircase leading down here.
You climb downwards.
There is a stone staircase leading up here.
All of the chunks of flesh in your inventory have rotted away.
A kobold comes into view. It is wielding a dagger.
The kobold shouts!
The kobold throws a stone.
The stone hits you but does no damage.
You see here a stone.
Casting: Sticks to Snakes (safe; 11% risk of failure)
Confirm with . or Enter, or press ? or * to list all spells.
You miscast Beastly Appendage.
You are very lightly contaminated with residual magic.
The air around you crackles with energy!
Casting: Beastly Appendage (safe; 7% risk of failure)
Confirm with . or Enter, or press ? or * to list all spells.
You grow a pair of large bovine horns.
The kobold hits you but does no damage.
You closely miss the kobold. The kobold hits you but does no damage.
You hit the kobold but do no damage.
You kill the kobold!
Your transformation is almost over.
Things that are here:
a dagger; a kobold corpse Your horns disappear.
An iguana comes into view.
The iguana hisses angrily.
Your magical contamination has completely faded away.
Casting: Beastly Appendage (safe; 7% risk of failure)
Confirm with . or Enter, or press ? or * to list all spells.
Your feet morph into talons.
Your transformation is almost over.
Casting: Beastly Appendage (safe; 7% risk of failure)
Confirm with . or Enter, or press ? or * to list all spells.
You extend your transformation's duration.
The iguana bites you.
You closely miss the iguana. The iguana misses you.
You barely miss the iguana. You claw the iguana, but do no damage.
The iguana closely misses you.
You hit the iguana.
The iguana is lightly wounded.
The iguana misses you.
You hit the iguana but do no damage. Your kick misses the iguana.
The iguana is lightly wounded.
The iguana barely misses you.
You hit the iguana but do no damage.
The iguana is lightly wounded.
The iguana bites you!
You barely miss the iguana. Your kick misses the iguana.
The iguana is lightly wounded.
The iguana bites you.
Casting: Beastly Appendage (safe; 7% risk of failure)
Confirm with . or Enter, or press ? or * to list all spells.
You create a snake!
You now have 22 arrows.
The iguana closely misses you. The iguana barely misses you.
You swap places.
Your ball python bites the iguana but does no damage.
Your ball python completely misses the iguana.
The iguana barely misses your ball python.
Your ball python bites the iguana but does no damage.
Your ball python barely misses the iguana.
The iguana bites your ball python!
Your ball python dies!
Casting: Sticks to Snakes (safe; 11% risk of failure)
Confirm with . or Enter, or press ? or * to list all spells.
You miscast Sticks to Snakes.
You are very lightly contaminated with residual magic.
Nothing appears to happen.
Your transformation is almost over.
Casting: Sticks to Snakes (safe; 11% risk of failure)
Confirm with . or Enter, or press ? or * to list all spells.
You create a snake!
You now have 21 arrows.
The iguana bites you.
* * * LOW HITPOINT WARNING * * *
You hit the iguana but do no damage.
The iguana is lightly wounded.
The iguana barely misses you.
You hit the iguana but do no damage. You claw the iguana.
The iguana is heavily wounded.
The iguana misses you.
Your ball python barely misses the iguana.
Your ball python grabs the iguana.
Your ball python constricts the iguana.
You hit the iguana but do no damage. You claw the iguana.
The iguana is heavily wounded.
The iguana bites you.
* * * LOW HITPOINT WARNING * * *
Your ball python bites the iguana.
Your ball python constricts the iguana.
You hit the iguana.
The iguana is severely wounded.
The iguana bites you!
You die...

####### #.)...#
###@....##########
#####.lS.............###
...#.#.....#####.......
# #.#.#....)..(...##.###
#.
#...#####.########.###
#.###.### #.# #.......
...##.....# #.# #.##.###
...l......# #.# #.##.#
...####.#.# #.# #...<#


You could see an iguana and a friendly ball python.

Vanquished Creatures
  6 adders (D:2)
  2 worms (D:2)
  A dart slug (D:2)
  2 leopard geckos
  3 bats
  A giant cockroach (D:1)
  3 goblins
  5 hobgoblins
  2 jackals (D:2)
  7 kobolds
  A ball python (D:2)
  A frilled lizard (D:2)
  8 rats
42 creatures vanquished.

Vanquished Creatures (collateral kills)
  2 adders (D:2)
  A hobgoblin (D:2)
  2 jackals (D:2)
5 creatures vanquished.

Grand Total: 47 creatures vanquished

Notes
Turn   | Place    | Note
-------+----------+-------------------------------------------
     0 | D:1      | Mgcat the Gargoyle Transmuter began the quest for the Orb.
     0 | D:1      | Reached XP level 1. HP: 12/12 MP: 3/3
   149 | D:1      | Reached XP level 2. HP: 13/16 MP: 3/5
   153 | D:1      | Learned a level 2 spell: Sticks to Snakes
   224 | D:1      | Reached skill level 2 in Transmutations
   729 | D:2      | Reached XP level 3. HP: 18/20 MP: 2/6
   734 | D:2      | Learned a level 3 spell: Spider Form
  1033 | D:2      | Reached skill level 1 in Poison Magic
  1044 | D:2      | Reached XP level 4. HP: 18/25 MP: 5/7
  1463 | D:2      | Reached skill level 4 in Unarmed Combat
  1929 | D:3      | HP: 5/25 [iguana (2)]
  1930 | D:3      | Slain by an iguana

Vault maps used:
D:1:      lemuel_arrival_river_passageway, minmay_misc_feat_tiny,
          minmay_misc_feat_alley
D:2:      first_ration
D:3:      chequers_ecumenical_altar_simple_redux, nrook_mini_vaults

Skill      XL: |  1  2  3  4 |
---------------+-------------+-----
Transmutations | 2 |  2.7
Poison Magic   | 1 |  1.5
Unarmed Combat | 4 |  4.0
Fighting       | |  1.1
Dodging        | |  1.5
Shields        | |  0.6
Spellcasting   | |  2.0

Action                   |  1- 3 |  4- 6 || total
-------------------------+-------+-------++-------
Melee: Unarmed           |    69 |       ||    69
       Kick              |    11 |    17 ||    28
       Headbutt          |     9 |     1 ||    10
       Punch             |     3 |     1 ||     4
       Dagger            |    44 |    79 ||   123
 Cast: Beastly Appendage |    21 |     8 ||    29
       Sticks to Snakes  |     4 |     7 ||    11
  Use: Scroll            |     2 |     1 ||     3
 Stab: Distracted        |       |     1 ||     1
  Eat: Chunk             |     1 |     4 ||     5
Armor: Robe              |    41 |    26 ||    67
Dodge: Dodged            |    69 |    56 ||   125

Table legend:
 A = Spawn XP
 B = Non-spawn XP
 C = Spawn XP percentage of total XP
 D = Spawn monster count
 E = Non-spawn monster count
 F = Spawn count percentage of total count
 G = Total turns spent on level
                    A         B        C        D         E        F      G
               +---------+---------+-------+---------+---------+-------+---------
         Total |       0 |     151 |   0.0 |       0 |      47 |   0.0 |  1930
               +---------+---------+-------+---------+---------+-------+---------
           D:1 |       0 |      26 |   0.0 |       0 |      17 |   0.0 |   720
           D:2 |       0 |     124 |   0.0 |       0 |      29 |   0.0 |  1148
           D:3 |       0 |       1 |   0.0 |       0 |       1 |   0.0 |    62
               +---------+---------+-------+---------+---------+-------+---------

Vault maps used:
D:1:      lemuel_arrival_river_passageway, minmay_misc_feat_tiny,
          minmay_misc_feat_alley
D:2:      first_ration
D:3:      chequers_ecumenical_altar_simple_redux, nrook_mini_vaults

Table legend:
 A = Turns spent in this place as a percentage of turns spent in the entire game.
 B = Non-inter-level travel turns spent in this place as a percentage of non-inter-level travel turns spent in the entire game.
 C = Inter-level travel turns spent in this place as a percentage of turns spent in this place.
 D = Turns resting spent in this place as a percentage of non-inter-level travel turns spent in this place.
 E = Turns spent auto-exploring this place as a percentage of non-inter-level travel turns spent in this place.
 F = Non-inter-level travel turns spent in this place divided by the number of levels of this place that you've seen.
                   A       B       C       D       E      F
               +-------+-------+-------+-------+-------+----------------------
         Total | 100.0 | 100.0 |   2.1 |   0.0 |  76.0 | 630.0
       Dungeon | 100.0 | 100.0 |   2.1 |   0.0 |  76.0 | 630.0
               +-------+-------+-------+-------+-------+----------------------

Table legend:
 A = Kills in this place as a percentage of kills in entire the game.
 B = Kills by you in this place as a percentage of kills by you in the entire game.
 C = Kills by friends in this place as a percentage of kills by friends in the entire game.
 D = Other kills in this place as a percentage of other kills in the entire game.
 E = Experience gained in this place as a percentage of experience gained in the entire game.
 F = Experience gained in this place divided by the number of levels of this place that you have seen.
                   A       B       C       D       E      F
               +-------+-------+-------+-------+-------+----------------------
         Total | 100.0 | 100.0 | 100.0 |   N/A | 100.0 |  50.3
       Dungeon | 100.0 | 100.0 | 100.0 |   N/A | 100.0 |  50.3
               +-------+-------+-------+-------+-------+----------------------
